Workbook
Name _Hlk160719628: '7. Domestic abuse'!$A$1

Sheet 1. GDP and public debt
B3: GDP & Budget
B4: 2012 | C4: 2013 | D4: 2014 | E4: 2015 | F4: 2016 | G4: 2017 | H4: 2018 | I4: 2019 | J4: 2020 | K4: 2021 | L4: 2022*
A5: GDP (market prices, in million euros) | B5: 652966 | C5: 660463 | D5: 671560 | E5: 690008 | F5: 708337 | G5: 738146 | H5: 773987 | I5: 813055 | J5: 796530 | K5: 870587 | L5: 958549
A6: GDP per capita (in euros) | B6: 38972 | C6: 39303 | D6: 39820 | E6: 40733 | F6: 41593 | G6: 43088 | H6: 44917 | I6: 46876 | J6: 45669 | K6: 49654 | L6: 54671
A7: Public debt (percentage GDP) | B7: 66.2 | C7: 67.7 | D7: 67.9 | E7: 64.7 | F7: 61.9 | G7: 57 | H7: 52.4 | I7: 48.6 | J7: 54.7 | K7: 51.7 | L7: 50.1
A8: Government balance (million euro) | B8: -25673 | C8: -19528 | D8: -15136 | E8: -13411 | F8: 899 | G8: 10121 | H8: 11628 | I8: 14628 | J8: -29588 | K8: -19466 | L8: -898
A9: Government balance (percentage GDP) | B9: -3.9 | C9: -3 | D9: -2.3 | E9: -1.9 | F9: 0.1 | G9: 1.4 | H9: 1.5 | I9: 1.8 | J9: -3.7 | K9: -2.2 | L9: -0.1
A11: Source: (GDP) | B11: https://opendata.cbs.nl/statline/#/CBS/nl/dataset/84087NED/table?ts=1712230215994
A12: Source: (Public debt) | B12: https://opendata.cbs.nl/statline/#/CBS/nl/dataset/84119NED/table?ts=1712235492987
A13: Source: (Govt. Balance) | B13: https://opendata.cbs.nl/#/CBS/nl/dataset/84114NED/table?ts=1713163353368

Sheet 2. Households poverty-risk
A1: Percentage of low-income/at risk of poverty households, short term (at least 1 year) and long term (4 years or longer)
B2: Percentage of households under the low-income threshold
B3: 2012 | C3: 2013 | D3: 2014 | E3: 2015 | F3: 2016 | G3: 2017 | H3: 2018 | I3: 2019 | J3: 2020 | K3: 2021 | L3: 2022*
A4: At least 1 year | B4: 8 | C4: 8.9 | D4: 8.5 | E4: 8.2 | F4: 7.9 | G4: 7.9 | H4: 7.9 | I4: 7.5 | J4: 6.8 | K4: 6.9 | L4: 4.4
A5: 4 years or longer | B5: 2.4 | C5: 2.7 | D5: 2.7 | E5: 3.1 | F5: 3.2 | G5: 3.3 | H5: 3.3 | I5: 3.4 | J5: 3.1 | K5: 3 | L5: 1.8
B6: Percentage of households up to 101% social minimum
B7: 2012 | C7: 2013 | D7: 2014 | E7: 2015 | F7: 2016 | G7: 2017 | H7: 2018 | I7: 2019 | J7: 2020 | K7: 2021 | L7: 2022*
A8: At least 1 year | B8: 7 | C8: 7.3 | D8: 7.4 | E8: 7.2 | F8: 7.3 | G8: 7.2 | H8: 7 | I8: 6.8 | J8: 6.8 | K8: 6.5 | L8: 6.4
A9: 4 years or longer | B9: 2.1 | C9: 2.3 | D9: 2.4 | E9: 2.6 | F9: 2.8 | G9: 2.9 | H9: 3 | I9: 3.2 | J9: 3.3 | K9: 3.2 | L9: 3.2
A11: Source: | B11: https://opendata.cbs.nl/statline/#/CBS/nl/dataset/83841NED/table?dl=A3F62

Sheet 3. Inequality
A1: Wealth Inequality
B2: Ratio of income & assets top 10% and bottom 50% (income) and bottom 50% (assets) over the past 10 years
B3: 2012 | C3: 2013 | D3: 2014 | E3: 2015 | F3: 2016 | G3: 2017 | H3: 2018 | I3: 2019 | J3: 2020 | K3: 2021 | L3: 2022*
A4: Net income top 10% | B4: 65090 | C4: 65694 | D4: 74729 | E4: 69971 | F4: 74045 | G4: 80121 | H4: 81683 | I4: 95384 | J4: 91512 | K4: 96553 | L4: 100838 | M4: million euro
A5: Net income bottom 50% | B5: =6338+13086+16180+19415+22679 -> 77698 | C5: =6526+13175+16238+19516+22948 -> 78403 | D5: =7094+13665+16649+19977+23656 -> 81041 | E5: =7102+13971+16906+20270+24097 -> 82346 | F5: =7703+14370+17507+20983+25046 -> 85609 | G5: =8039+14800+17974+21605+25801 -> 88219 | H5: =8417+15346+18567+22393+26814 -> 91537 | I5: =8986+16126+19484+23727+28291 -> 96614 | J5: =9346+16753+20384+24729+29622 -> 100834 | K5: =9996+17484+21218+26021+31031 -> 105750 | L5: =11387+18958+22512+27557+32840 -> 113254 | M5: million euro
A6: Ratio 10%/50% | B6: =B4/B5 -> 0.8377307 | C6: =C4/C5 -> 0.83790161 | D6: =D4/D5 -> 0.9221135 | E6: =E4/E5 -> 0.84971948 | F6: =F4/F5 -> 0.86492074 | G6: =G4/G5 -> 0.90820572 | H6: =H4/H5 -> 0.89234954 | I6: =I4/I5 -> 0.98726893 | ... L6: =L4/L5 -> 0.89037032
A8: Wealth top 10% | B8: 470.6 | C8: 473.7 | D8: 485.7 | E8: 474.1 | F8: 504.6 | G8: 560.3 | H8: 595 | I8: 659.6 | J8: 694 | K8: 723.2 | L8: 812.2 | M8: billion euro
A9: Wealth bottom 50% | B9: =36.4+19.1+33.5+56.1+74 -> 219.1 | C9: =35.8+18.2+28.9+50.3+68.6 -> 201.8 | D9: =34.1+17+28.4+51.7+69.9 -> 201.1 | E9: =56.7+20.9+32.3+58.4+77.8 -> 246.1 | F9: =48.5+22.3+37.1+63.7+83.1 -> 254.7 | G9: =65+25.3+40.9+69.2+90.5 -> 290.9 | H9: =68.6+30.3+47+78.9+102.3 -> 327.1 | I9: =65.3+33.8+51.5+89+112.3 -> 351.9 | J9: =82+39.7+60.7+102.6+128.5 -> 413.5 | K9: =77.7+42.9+67.3+116.7+145.4 -> 450 | L9: =88.6+49.4+83.5+151.1+183 -> 555.6 | M9: billion euro
A10: Ratio 10%/50% | B10: =B8/B9 -> 2.1478777 | C10: =C8/C9 -> 2.3473736 | D10: =D8/D9 -> 2.4152163 | E10: =E8/E9 -> 1.9264527 | F10: =F8/F9 -> 1.9811543 | G10: =G8/G9 -> 1.9260914 | H10: =H8/H9 -> 1.8190156 | I10: =I8/I9 -> 1.8743961 | ... L10: =L8/L9 -> 1.4618431
A12: Source income: | B12: https://opendata.cbs.nl/#/CBS/nl/dataset/84493NED/table?dl=A2514
A13: Source assets: | B13: https://opendata.cbs.nl/statline/#/CBS/nl/dataset/83834NED/table?dl=A2515

Sheet 4. Public income
B4: 2012 | C4: 2013 | D4: 2014 | E4: 2015 | F4: 2016 | G4: 2017 | H4: 2018 | I4: 2019 | J4: 2020 | K4: 2021 | L4: 2022*
A5: Total government revenue | B5: 281370 | C5: 289840 | D5: 294353 | E5: 296054 | F5: 310066 | G5: 323531 | H5: 338867 | I5: 357121 | J5: 351403 | K5: 380695 | L5: 416023 | M5: in million euro
A6: Indirect Taxes (VAT, Import Tax, other product taxes) | B6: =41777+6771+12870 -> 61418 | C6: =42408+6912+14165 -> 63485 | D6: =42951+7311+14782 -> 65044 | E6: =44746+6839+15648 -> 67233 | F6: =47849+8339+15720 -> 71908 | G6: =49833+8990+16220 -> 75043 | H6: =52712+9679+17431 -> 79822 | I6: =58115+10060+18270 -> 86445 | J6: =58971+9131+17841 -> 85943 | K6: =65400+9469+18832 -> 93701 | L6: =69928+9264+16180 -> 95372 | M6: in million euro
A7: Direct Taxes (Total) | B7: =B8+B9 -> 66615 | C7: =C8+C9 -> 67332 | D7: =D8+D9 -> 72298 | E7: =E8+E9 -> 79374 | F7: =F8+F9 -> 83412 | G7: =G8+G9 -> 95374 | H7: =H8+H9 -> 98382 | I7: =I8+I9 -> 108862 | ... L7: =L8+L9 -> 135888 | M7: in million euro
A8: Income Tax (includes taxes on income from capital such as dividend) | B8: 58468 | C8: 58740 | D8: 63392 | E8: 70304 | F8: 73993 | G8: 85761 | H8: 88769 | I8: 99003 | J8: 96870 | K8: 107989 | L8: 124683 | M8: in million euro
A9: Wealth Tax | B9: =6764+1383 -> 8147 | C9: =6861+1731 -> 8592 | D9: =7381+1525 -> 8906 | E9: =7456+1614 -> 9070 | F9: =7573+1846 -> 9419 | G9: =7772+1841 -> 9613 | H9: =7882+1731 -> 9613 | I9: =8082+1777 -> 9859 | J9: =8227+2081 -> 10308 | K9: =8270+2496 -> 10766 | L9: =8591+2614 -> 11205 | M9: in million euro
A10: Total tax revenue (includes other taxes and social security contributions) | B10: =135552+98313 -> 233865 | C10: =139097+100932 -> 240029 | D10: =147691+102015 -> 249706 | E10: =155687+99833 -> 255520 | F10: =165039+107486 -> 272525 | G10: =180549+105535 -> 286084 | H10: =188887+111734 -> 300621 | I10: =206355+113150 -> 319505 | J10: =205249+112486 -> 317735 | K10: =224929+116739 -> 341668 | L10: =243099+125551 -> 368650 | M10: in million euro
A12: Taxes as percentage of total government revenue | B12: =B10/B5 -> 0.83116537 | C12: =C10/C5 -> 0.82814311 | D12: =D10/D5 -> 0.84832157 | E12: =E10/E5 -> 0.86308579 | F12: =F10/F5 -> 0.87892578 | G12: =G10/G5 -> 0.8842553 | H12: =H10/H5 -> 0.88713566 | I12: =I10/I5 -> 0.89466875 | ... L12: =L10/L5 -> 0.88612889
A13: Total government revenue as a percentage of GDP | B13: =B5/'1. GDP and public debt'!B5 -> 0.43091064 | C13: =C5/'1. GDP and public debt'!C5 -> 0.43884366 | D13: =D5/'1. GDP and public debt'!D5 -> 0.43831229 | E13: =E5/'1. GDP and public debt'!E5 -> 0.42905879 | F13: =F5/'1. GDP and public debt'!F5 -> 0.43773797 | G13: =G5/'1. GDP and public debt'!G5 -> 0.43830218 | H13: =H5/'1. GDP and public debt'!H5 -> 0.43782002 | I13: =I5/'1. GDP and public debt'!I5 -> 0.43923351 | ... L13: =L5/'1. GDP and public debt'!L5 -> 0.43401328
A15: Source: (general government income) | B15: https://opendata.cbs.nl/statline/#/CBS/nl/dataset/84115NED/table?ts=1711538284705
A16: Source: (forms of tax revenue) | B16: https://opendata.cbs.nl/statline/#/CBS/nl/dataset/84115NED/table?dl=242D2

Sheet 5. Public expenditures
B4: 2012 | C4: 2013 | D4: 2014 | E4: 2015 | F4: 2016 | G4: 2017 | H4: 2018 | I4: 2019 | J4: 2020 | K4: 2021 | L4: 2022*
A5: Total government expenditure | B5: 307043 | C5: 309368 | D5: 309489 | E5: 309465 | F5: 309167 | G5: 313410 | H5: 327239 | I5: 342493 | J5: 380991 | K5: 400161 | L5: 416921 | M5: in million euro
A6: Social protection (including social security, pensions, etc) | B6: 110910 | C6: 113533 | D6: 114457 | E6: 116259 | F6: 119080 | G6: 120374 | H6: 123266 | I6: 128889 | J6: 137186 | K6: 142284 | L6: 148932 | M6: in million euro
A7: Sickness and work disability | B7: 32235 | C7: 31648 | D7: 30643 | E7: 29561 | F7: 29640 | G7: 30383 | H7: 31545 | I7: 33125 | J7: 35382 | K7: 36662 | L7: 38915 | M7: in million euro
A8: Housing and regional development | B8: 3627 | C8: 3699 | D8: 3418 | E8: 3292 | F8: 2960 | G8: 2752 | H8: 3456 | I8: 3635 | J8: 3765 | K8: 4066 | L8: 4584 | M8: in million euro
A9: Water supplies | B9: 129 | C9: 123 | D9: 177 | E9: 171 | F9: 171 | G9: 189 | H9: 212 | I9: 218 | J9: 121 | K9: 122 | L9: 126 | M9: in million euro
A10: Sanitation | B10: 3530 | C10: 3604 | D10: 3189 | E10: 2916 | F10: 2789 | G10: 2723 | H10: 2859 | I10: 3024 | J10: 3213 | K10: 3279 | L10: 3484 | M10: in million euro
A11: Healthcare | B11: 53085 | C11: 53035 | D11: 53747 | E11: 53267 | F11: 51352 | G11: 53792 | H11: 56857 | I11: 59837 | J11: 66413 | K11: 73782 | L11: 72073 | M11: in million euro
A12: Education | B12: 36039 | C12: 35768 | D12: 36510 | E12: 36579 | F12: 37378 | G12: 37846 | H12: 39138 | I12: 40539 | J12: 41701 | K12: 44198 | L12: 48426 | M12: in million euro
A13: Defense | B13: 7475 | C13: 7503 | D13: 7288 | E13: 7708 | F13: 8015 | G13: 8531 | H13: 9074 | I13: 10000 | J13: 10718 | K13: 11029 | L13: 12605 | M13: in million euro
A15: Total government expenditure as a percentage of GDP | B15: =B5/'1. GDP and public debt'!B5 -> 0.47022816 | C15: =C5/'1. GDP and public debt'!C5 -> 0.4684108 | D15: =D5/'1. GDP and public debt'!D5 -> 0.46085085 | E15: =E5/'1. GDP and public debt'!E5 -> 0.4484948 | F15: =F5/'1. GDP and public debt'!F5 -> 0.4364688 | G15: =G5/'1. GDP and public debt'!G5 -> 0.4245908 | H15: =H5/'1. GDP and public debt'!H5 -> 0.42279651 | I15: =I5/'1. GDP and public debt'!I5 -> 0.42124211 | ... L15: =L5/'1. GDP and public debt'!L5 -> 0.43495012
A17: Source: (general government expenditure) | B17: https://opendata.cbs.nl/statline/#/CBS/nl/dataset/84122NED/table?ts=1711618757942

Sheet 6. COVID-19 expenditures
A3: Expenditures per Ministry
B4: 2020 | C4: 2021 | D4: 2022 | E4: 2023*
A5: Ministry of Social Affairs and Employment | B5: 16.849 | C5: 11.325 | D5: 1.776 | E5: 0.5 | F5: in billion euro
A6: Ministry of Health, Welfare and Sport | B6: 5.054 | C6: 8.21 | D6: 3.871 | E6: 2.7 | F6: in billion euro
A7: Ministry of Economic Affairs and Climate Policy | B7: 2.843 | C7: 6.144 | D7: 3.725 | E7: 0.6 | F7: in billion euro
A8: Ministry of Education, Culture and Science | B8: 0.715 | C8: 3.979 | D8: 4.036 | E8: 1.4 | F8: in billion euro
A9: Ministry of Interior and Kingdom Relations | B9: 1.694 | C9: 1.863 | D9: 0.58 | E9: 0 | F9: in billion euro
A10: Ministry of Infrastructure and Water Management | B10: 0.969 | C10: 1.328 | D10: 1.067 | E10: 0.2 | F10: in billion euro
A11: Ministry of Agriculture, Nature and Food Quality | B11: 0.259 | C11: 0.225 | D11: 0.165 | E11: 0 | F11: in billion euro
A12: Ministry of Finance | B12: 0.353 | C12: 0.051 | D12: -0.011 | E12: 0 | F12: in billion euro
A13: Ministry of Foreign Affairs (Foreign Trade and Development) | B13: 0.139 | C13: 0 | D13: 0 | E13: 0 | F13: in billion euro
A14: Ministry of Justice and Security | B14: 0.137 | C14: 0.046 | D14: 0 | E14: 0 | F14: in billion euro
A15: Others | B15: 0 | C15: 0 | D15: 0 | E15: 0.1 | F15: in billion euro
A16: Total | B16: =SUM(B5:B14) -> 29.012 | C16: =SUM(C5:C14) -> 33.171 | D16: =SUM(D5:D14) -> 15.209 | E16: =SUM(E5:E15) -> 5.5 | F16: in billion euro | G16: Total expenditures 2020-2023: | H16: =SUM(B16:E16) -> 82.892 | I16: in billion euro
A18: Expenditures on types of fiscal policy measures
B19: 2020 | C19: 2021 | D19: 2022
A20: Subsidies | B20: 18.1 | C20: 18.790898 | D20: 6.6346
A21: Unknown | B21: 2.1 | C21: 5.8695 | D21: 1.0121
A22: Orders | B22: 1.7 | C22: 4.0276 | D22: 2.7334
A23: Financial support to public authorities | B23: 1.1 | C23: 1.503244 | D23: 0.6507
A24: Income transfers | B24: 3.2 | C24: 1.218 | D24: 0.364
A25: Loans | B25: 1.2 | C25: 0.817462 | D25: 0
A26: Others | B26: 0.6 | C26: 0.379858 | D26: 0.1783
A27: Guarantees | B27: 0.7 | C27: 0.317274 | D27: 0
A28: Funding | B28: 0.4 | C28: 0.2434 | D28: 0
A30: Recipients of COVID crisis expenditures
B31: 2020 | C31: 2021 | D31: 2022
A32: Business | B32: 19.92 | C32: 17.343933 | D32: 6.4772
A33: Healthcare | B33: 4.87 | C33: 7.83 | D33: 3.605
A34: Education | B34: 0 | C34: 3.688801 | D34: 3.7107
A35: Others | B35: 2.49 | C35: 2.441492 | D35: 0.6958
A36: Other public authorities | B36: 1.81 | C36: 1.840244 | D36: 0.4371
A37: Research | B37: 0 | C37: 0 | D37: 0.126
A38: Unknown | B38: 0 | C38: 0 | D38: 0.1578
A40: Source (general government expenditure) | B40: Coronarekening | Corona | Algemene Rekenkamer
A41: * - 2023 is budgeted, not yet confirmed

Sheet 7. Domestic abuse
A1: Number of cases transferred by the advice and reporting centre for domestic violence and child abuse (Veilig Thuis) to organizations who provide care and support to victims.
A2: Period | B2: 2021 | C2: 2021 | D2: 2021 | E2: 2021 | F2: 2022 | G2: 2022 | H2: 2022 | I2: 2022 | J2: 2023 (until June) | K2: 2023 (until June) | L2: 2023 (until June)
A3: Total/Continuous/New/Combined | B3: Total | C3: Continuous care | D3: New care | E3: Continuous & new combin. | F3: Total | G3: Continuous care | H3: New care | I3: Continuous & new combin. | J3: Total | K3: Continuous & new combin. | L3: New care
A4: Total | B4: 71005 | C4: 43995 | D4: 23970 | E4: 3040 | F4: 73740 | G4: 46085 | H4: 24450 | I4: 3205 | J4: 38760 | K4: 23770 | L4: 13170
A5: Clientsystem/network | B5: 15245 | C5: 13340 | D5: 1880 | E5: 25 | F5: 17645 | G5: 15385 | H5: 2225 | I5: 30 | J5: 9990 | K5: 8245 | L5: 1735
A6: Healthcare | B6: 2915 | C6: 2385 | D6: 525 | F6: 2875 | G6: 2315 | H6: 550 | I6: 10 | J6: 1445 | K6: 1185 | L6: 245
A7: Mental healthcare | B7: 2990 | C7: 2975 | E7: 15 | F7: 2955 | G7: 2940 | I7: 10 | J7: 1485 | K7: 1470
A8: Youth care | B8: 29500 | C8: 18030 | D8: 11120 | E8: 345 | F8: 29450 | G8: 17745 | H8: 11360 | I8: 350 | J8: 15805 | K8: 9260 | L8: 6345
A9: Child protection council | B9: 620 | C9: 295 | D9: 325 | F9: 565 | G9: 265 | H9: 290 | J9: 260 | K9: 110 | L9: 150
A10: Reclassering | B10: 545 | C10: 455 | D10: 90 | F10: 520 | G10: 420 | H10: 95 | J10: 275 | K10: 230 | L10: 45
A11: Justice: other | B11: 175 | C11: 90 | D11: 90 | F11: 130 | G11: 75 | H11: 55 | J11: 60 | K11: 35 | L11: 25
A12: Veilig Thuis: other region (advice/report centre) | B12: 1490 | C12: 520 | D12: 965 | F12: 965 | G12: 385 | H12: 580 | J12: 420 | K12: 170 | L12: 250
A13: Regional organization | B13: 455 | C13: 95 | D13: 355 | F13: 365 | G13: 65 | H13: 300 | J13: 175 | K13: 55 | L13: 120
A14: Other | B14: 23180 | C14: 11315 | D14: 11415 | E14: 455 | F14: 24460 | G14: 12290 | H14: 11645 | I14: 525 | J14: 12260 | K14: 6255 | L14: 5705
A16: Number of cases of domestic violence and child abuse
B17: 2019 | C17: 2020 | D17: 2021 | E17: 2022 | F17: 2023 (until June)
B18: 90885 | C18: 98710 | D18: 88660 | E18: 89130 | F18: 64.430
A20: Number of convictions in court
B21: 2019 | C21: 2020 | D21: 2021 | E21: 2022 | F21: 2023 (until June)
B22: 4085 | C22: 3739 | D22: 4025 | E22: 4150 | F22: 2120
A24: Number of sanctions (where only domestic violence is proven. Multiple sanctions can be given to the same perpetrator)
A26: Sources:
A27: https://dashboards.cbs.nl/v3/regionaaldashboardveiligthuis/
A28: https://dashboards.cbs.nl/v3/dashboardimpactmonitor_hgkm/

Sheet 8. Family Reunification
A1: The number of requests for family reunification ('nareis' + 8 ECHR) submitted by a benificiary of international protection in the period 2017-2023
A3: Year | B3: 2017 | C3: 2018 | D3: 2019 | E3: 2020 | F3: 2021 | G3: 2022 | H3: 2023 | I3: Total
A4: MVV nareis | B4: 7530 | C4: 6520 | D4: 6100 | E4: 9250 | F4: 13920 | G4: 20260 | H4: 22490 | I4: =SUM(B4:H4) -> 86070
A5: MVV-TEV GezHer 8EVRM bij AMV | B5: 4590 | C5: 3640 | D5: 3780 | E5: 3240 | F5: 4880 | G5: 7890 | H5: 9420 | I5: =SUM(B5:H5) -> 37440
A6: Total yearly | B6: =SUM(B4:B5) -> 12120 | C6: =SUM(C4:C5) -> 10160 | D6: =SUM(D4:D5) -> 9880 | E6: =SUM(E4:E5) -> 12490 | F6: =SUM(F4:F5) -> 18800 | G6: =SUM(G4:G5) -> 28150 | H6: =SUM(H4:H5) -> 31910 | I6: =SUM(I4:I5)-10 -> 123500
A9: The number of family reunifications granted ('nareis' + 8 ECHR) submitted by a beneficiary of international protection in the period of 2017 - 2023
A10: Year | B10: 2017 | C10: 2018 | D10: 2019 | E10: 2020 | F10: 2021 | G10: 2022 | H10: 2023 | I10: Total
A11: Bezw. GezHer 8EVRM bij AMV | B11: 160 | C11: 390 | D11: 800 | E11: 360 | F11: 410 | G11: 690 | H11: 190 | I11: =SUM(B11:H11) -> 3000
A12: Bezwaar nareis | B12: 550 | C12: 1100 | D12: 1250 | E12: 470 | F12: 620 | G12: 670 | H12: 210 | I12: =SUM(B12:H12) -> 4870
A13: MVV nareis | B13: 10620 | C13: 4910 | D13: 3460 | E13: 4190 | F13: 10390 | G13: 9600 | H13: 11770 | I13: =SUM(B13:H13) -> 54940
A14: MVV-TEV GezHer 8EVRM bij AMV | B14: 2910 | C14: 1840 | D14: 1130 | E14: 1120 | F14: 1670 | G14: 2440 | H14: 1970 | I14: =SUM(B14:H14) -> 13080
A15: Total yearly | B15: =SUM(B11:B14) -> 14240 | C15: =SUM(C11:C14) -> 8240 | D15: =SUM(D11:D14) -> 6640 | E15: =SUM(E11:E14) -> 6140 | F15: =SUM(F11:F14)+10 -> 13100 | G15: =SUM(G11:G14) -> 13400 | H15: =SUM(H11:H14) -> 14140 | I15: =SUM(I11:I14) -> 75890
A17: Source: Metis/INDiGO, rounded to first decimal

Sheet 9. Occupancy reception centres
A1: Capacity and occupancy of reception centres for asylum seekers, including emergency shelters (as of March 2024)
A3: Type of reception centre | B3: Total capacity | C3: Total occupancy | D3: Occupancy rate
A4: Regular shelters | B4: 32.13 | C4: 33.29 | D4: 1.04
A5: (Dutch: reguliere opvang)
A6: Emergency shelters | B6: 26.02 | C6: 26.96 | D6: 1.04
A7: (Dutch: noodopvang)
A8: Temporary municipal shelters | B8: 4.9 | C8: 4.94 | D8: 1.01
A9: (Dutch: Tijdelijke gemeentelijke opvang)
A10: Non-COA shelters | B10: - | C10: 2.74 | D10: -
A11: (Dutch: niet-COA locaties)
A12: Total | B12: 63.05 | C12: 67.93 | D12: -
A14: Source: Actueel Beeld Opvang March 11 2024, Ministry of Justice and Security

Sheet 10. Unemployment; background
A1: Unemployment (percentage) age 15 - 75; gender, place of origin parents 2019 - 2023
C3: 2019 | D3: 2020 | E3: 2021 | F3: 2022 | G3: 2023
A4: Netherlands | B4: Men | C4: 0.037 | D4: 0.039 | E4: 0.032 | F4: 0.027 | G4: 0.026
B5: Women | C5: 0.037 | D5: 0.042 | E5: 0.033 | F5: 0.03 | G5: 0.029
A6: Outside Netherlands (total) | B6: Men | C6: 0.069 | D6: 0.067 | E6: 0.064 | F6: 0.051 | G6: 0.053
B7: Women | C7: 0.074 | D7: 0.08 | E7: 0.079 | F7: 0.06 | G7: 0.058
A8: Europe (excluding Netherlands) | B8: Men | C8: 0.056 | D8: 0.045 | E8: 0.046 | F8: 0.033 | G8: 0.042
B9: Women | C9: 0.062 | D9: 0.06 | E9: 0.072 | F9: 0.043 | G9: 0.049
A10: Indonesia | B10: Men | C10: 0.046 | D10: 0.044 | E10: 0.035 | F10: 0.037 | G10: 0.034
B11: Women | C11: 0.038 | D11: 0.038 | E11: 0.038 | F11: 0.032 | G11: 0.042
A12: Morocco | B12: Men | C12: 0.083 | D12: 0.086 | E12: 0.088 | F12: 0.057 | G12: 0.071
B13: Women | C13: 0.074 | D13: 0.081 | E13: 0.07 | F13: 0.065 | G13: 0.071
A14: Dutch Caribbean | B14: Men | C14: 0.076 | D14: 0.108 | E14: 0.082 | F14: 0.069 | G14: 0.079
B15: Women | C15: 0.089 | D15: 0.094 | E15: 0.092 | F15: 0.095 | G15: 0.058
A16: Surinam | B16: Men | C16: 0.076 | D16: 0.063 | E16: 0.045 | F16: 0.054 | G16: 0.051
B17: Women | C17: 0.076 | D17: 0.108 | E17: 0.073 | F17: 0.076 | G17: 0.06
A18: Türkiye | B18: Men | C18: 0.059 | D18: 0.07 | E18: 0.093 | F18: 0.054 | G18: 0.057
B19: Women | C19: 0.082 | D19: 0.063 | E19: 0.077 | F19: 0.062 | G19: 0.06
A22: Source: https://opendata.cbs.nl/statline/#/CBS/nl/dataset/85456NED/table?ts=1718193458035
A23: Note: This data is based on the place of origin parents, and includes both persons born inside the Netherlands and outside. Persons with a non-Western background with parents born inside the Netherlands are considered as place of origin Netherlands.
